 Dungeon Crawl Stone Soup version 0.9-a1-355-g91e8751 character file.

264 vogonpoet the Caller (level 4, 0/27 HPs)
             Began as a Vampire Summoner on June 3, 2011.
             Slain by a white imp (5 damage)
             ... summoned by Eustachio
             ... on Level 4 of the Dungeon.
             The game lasted 00:15:05 (2690 turns).

vogonpoet the Caller (Vampire Summoner)             Turns: 2690, Time: 00:15:05

HP   0/27        AC  2     Str  7 Exp: 4/126 (0), need: 83
MP   1/8         EV 12     Int 18      God:
Gold 176         SH  0     Dex 14      Spells:  2 memorised,  2 levels left

Res.Fire  : . . .   See Invis. : +   h - +3 dwarf short sword
Res.Cold  : . . .   Warding    : . . a - +0 robe
Life Prot.: . . .   Conserve   : .   (no shield)
Res.Acid. : . . .   Res.Corr.  : .   (no helmet)
Res.Poison: .       Clarity    : .   (no cloak)
Res.Elec. : .       Spirit.Shd : .   (no gloves)
Sust.Abil.: . .     Stasis     : .   (no boots)
Res.Mut.  : .       Ctrl.Telep.: .   (no amulet)
Res.Rott. : +       Levitation : .   (no ring)
Saprovore : . . .   Ctrl.Flight: .   (no ring)

@: regenerating quickly, slightly resistant to hostile enchantments, stealthy
A: fangs 3, see invisible, unbreathing
a: no special abilities


You were on level 4 of the Dungeon.
You were full.

You visited 1 branch of the dungeon, and saw 4 of its levels.

You collected 156 gold pieces.

Inventory:

Hand weapons
 h - a +3,+3 dwarven short sword (weapon)
 l - a +1,+1 short sword
 n - a +1,+0 elven dagger
 o - a +0,+0 dagger
 r - a +2,+1 elven dagger
 x - a +2,+0 short sword
 z - a +1,+0 dwarven dagger
 A - a +2,+2 hand axe
 D - the +2,+0 dagger "Eloc" {unknown, stab, rC+ Curse}
   (You found it on level 4 of the Dungeon)

   It inflicts extra damage upon your enemies.
   It protects you from cold.
   It may recurse itself.
Missiles
 g - 14 +0 darts (quivered)
 m - 38 +0 sling bullets
 s - 18 poisoned +0 needles
 C - 4 +0 needles of frenzy
Armour
 a - a +0 robe (worn)
 q - a +0 leather armour
Scrolls
 e - 2 scrolls of blinking {unknown}
 j - 4 scrolls of remove curse {unknown}
 k - a scroll of curse weapon {unknown}
 p - 4 scrolls of detect curse {unknown}
 t - a scroll of random uselessness {unknown}
 u - 5 scrolls of identify {unknown}
 v - a scroll of curse armour {unknown}
 y - a scroll of teleportation {unknown}
 B - a scroll of enchant weapon I {unknown}
Jewellery
 c - an uncursed ring of protection from fire {unknown}
 d - an uncursed amulet of rage {unknown}
Potions
 f - 2 potions of heal wounds {unknown}
 i - a potion of healing {unknown}
 w - a potion of magic {unknown}
Books
 b - a book of Callings

   Spells                             Type                      Level
   *Summon Small Mammals              Summoning                    1
   *Call Imp                          Summoning                    2
   Call Canine Familiar               Summoning                    3
   Summon Scorpions                   Summoning/Poison             4
   Summon Ice Beast                   Ice/Summoning                5
   You had 0 experience left.


   Skills:
 - Level 1 Short Blades
 - Level 2 Dodging
 - Level 4 Stealth
 + Level 2 Stabbing
 + Level 1 Unarmed Combat
 + Level 1 Spellcasting
 + Level 5 Summonings


You had 2 spell levels left.
You knew the following spells:

 Your Spells              Type           Power        Success   Level  Hunger
a - Summon Small Mammals  Summ           ####.        Excellent   1    Strawberry
b - Call Imp              Summ           ####......   Excellent   2    Choko

Dungeon Overview and Level Annotations

Branches:
Dungeon (4/27)
 Temple: D:4-7

Altars:
Elyvilon

Shops:
D:4: *


Innate Abilities, Weirdness & Mutations

Your natural rate of healing is unusually fast.
You have razor-sharp teeth.
You have supernaturally acute eyesight.
You do not need to breathe.
Press '!' to toggle between mutations and properties depending on your hunger status.


Message History

The white imp closely misses your shadow imp.
The white imp misses your shadow imp.
Your quokka misses Eustachio.
Your quokka completely misses Eustachio.
Your white imp barely misses Eustachio.
Eustachio misses you.
Your shadow imp hits the white imp.
You swap places.
Eustachio casts a spell.
Your shadow imp closely misses the white imp.
The white imp hits you. The white imp freezes you.
* * * LOW HITPOINT WARNING * * *
Your imp barely misses Eustachio.
Your imp hits Eustachio but does no damage.
Your quokka barely misses Eustachio.
Your quokka closely misses Eustachio.
Your white imp barely misses Eustachio.
Your white imp misses Eustachio.
An iron imp comes into view.
You hit the white imp.
The white imp is heavily wounded.
Eustachio hits your shadow imp with a sabre.
The white imp hits you. The white imp freezes you.
You die...

#........# #.#
#........# #.#
#........# #.#
##........# #.#
#.........####.#
#.######>....#..
#.# #####'######
#.########..5.....#
#.#..._..5r@5@....#
#...........55...∩#
#..............[..#
#..#######.......(#
#... #........#
#.### ....######
#+# ######


You could see Eustachio, an iron imp, a white imp, a friendly imp, a friendly
white imp, a friendly shadow imp and a friendly quokka.

Vanquished Creatures
  A snake (D:1)
  A worm (D:3)
  A giant cockroach (D:1)
  9 goblins
  6 hobgoblins
  A jackal (D:2)
  4 kobolds
  4 small snakes
  4 bats
  3 giant geckos (D:3)
  3 giant newts
  4 rats
41 creatures vanquished.

Vanquished Creatures (collateral kills)
  A killer bee (D:3)
  A snake (D:3)
  A grey rat (D:4)
  3 bats (D:1)
  A giant cockroach (D:2)
  A hobgoblin (D:3)
  A jackal (D:2)
  3 kobolds (D:1)
  A quokka (D:4)
  3 goblins
16 creatures vanquished.

Vanquished Creatures (others)
  2 imps
  A grey rat (D:3)
  A giant newt skeleton (D:2)
  A jackal (D:2)
  A jackal zombie (D:2)
  2 rats
8 creatures vanquished.

Grand Total: 65 creatures vanquished

Notes
Turn   | Place    | Note
--------------------------------------------------------------
     0 | D:1      | vogonpoet, the Vampire Summoner, began the quest for the Orb.
     0 | D:1      | Reached XP level 1. HP: 10/10 MP: 4/4
   395 | D:1      | Reached XP level 2. HP: 9/16 MP: 2/5
   802 | D:1      | Reached XP level 3. HP: 21/21 MP: 6/6
   955 | D:1      | Learned a level 2 spell: Call Imp
  1216 | D:2      | Reached skill level 1 in Stabbing
  1728 | D:3      | Noticed a killer bee
  1742 | D:3      | Defeated a killer bee
  1742 | D:3      | Reached XP level 4. HP: 27/27 MP: 1/8
  1931 | D:3      | Reached skill level 5 in Summonings
  2635 | D:4      | Reached skill level 1 in Short Blades
  2657 | D:4      | Found a white marble altar of Elyvilon.
  2662 | D:4      | Got a crystal dagger
  2666 | D:4      | Found Juwefie's General Store.
  2667 | D:4      | Noticed Eustachio
  2690 | D:4      | Slain by a white imp
